Map: Kairos Junction LE

Players

KitKat

  • Race: Zerg Zerg
  • League: Diamond
  • Spawn Location: 5:00

Mez - Winner!

  • Race: Terran Terran
  • League: Diamond
  • Spawn Location: 11:00

VOD

Have the link to the VOD?

Description

Time

  • Played on: July 27, 2019, 10:43 p.m.
  • Length: 12:57
Show
View Real Time Build Order
Export as new Build Order

KitKat Zerg 

Build Orders: Hatch First 

Get SALT Encoding   

  12  0:01  Drone  
  13  0:12  Overlord  
  13  0:17  Drone  
  14  0:30  Drone x2  
  16  0:48  Hatchery  
  15  0:51  Drone  
  15  0:55  Drone  
  17  0:57  Extractor  
  17  1:00  Drone  
  17  1:15  Spawning Pool  
  17  1:17  Drone  
  17  1:23  Drone  
  18  1:28  Drone  
  19  1:38  Overlord  
  19  1:51  Drone  
  20  2:01  Queen x2  
  20  2:02  Zergling x2  
  20  2:04  Zergling x2  
  26  2:10  Metabolic Boost  
  26  2:15  Drone  
  28  2:22  Drone  
  28  2:23  Drone x2  
  30  2:36  Drone  
  30  2:37  Drone  
  31  2:49  Overlord  
  31  2:56  Queen  
  33  3:01  Drone  
  33  3:02  Drone x2  
  36  3:07  Hatchery  
  36  3:10  Drone x3  
  36  3:11  Drone  
  39  3:16  Drone  
  39  3:18  Overlord  
  40  3:28  Drone  
  40  3:29  Drone x3  
  44  3:36  Queen  
  46  3:43  Zergling x4  
  46  3:44  Zergling x2  
  49  3:57  Drone  
  49  3:58  Drone  
  49  3:59  Overlord  
  51  4:02  Extractor  
  51  4:04  Extractor  
  51  4:06  Evolution Chamber  
  51  4:07  Evolution Chamber  
  47  4:19  Drone  
  47  4:20  Drone x5  
  53  4:27  Baneling Nest  
  53  4:30  Overlord  
  52  4:31  Overlord  
  52  4:33  Zerg Ground Armor Level 1, Zerg Melee Weapons Level 1  
  52  4:50  Zergling x10  
  52  4:51  Zergling x8  
  61  4:59  Lair  
  61  5:04  Drone x3, Extractor  
  61  5:05  Drone x3  
  61  5:06  Drone  
  61  5:20  Zergling x2  
  61  5:21  Zergling x4  
  52  5:31  Zergling x12  
  52  5:32  Zergling x6  
  52  5:35  Overlord  
  50  5:52  Queen  
  50  5:53  Drone  
  50  5:54  Drone x4  
  51  6:11  Extractor  
  51  6:12  Drone x7  
  51  6:13  Extractor  
  56  6:21  Centrifical Hooks  
  56  6:24  Drone x7  
  63  6:36  Drone  
  63  6:37  Drone  
  63  6:39  Overlord x2  
  65  6:40  Overlord x2  
  65  6:44  Zerg Ground Armor Level 2, Zerg Melee Weapons Level 2  
  65  6:49  Spire  
  65  6:53  Drone  
  65  6:56  Overlord  
  65  7:05  Baneling  
  65  7:06  Baneling x6  
  66  7:08  Zergling x2  
  66  7:09  Zergling x18  
  66  7:13  Drone  
  66  7:14  Drone x2  
  78  7:15  Drone  
  79  7:23  Drone x3  
  79  7:24  Drone  
  83  7:32  Baneling x5  
  83  7:33  Zergling x4, Baneling x2  
  83  7:34  Zergling x2  
  76  7:50  Zergling x20  
  76  7:51  Zergling x6  
  82  8:04  Zergling x2  
  82  8:05  Zergling x4  
  79  8:18  Queen  
  81  8:32  Overlord x2  
  81  8:33  Zergling x12  
  87  8:35  Baneling x9  
  87  8:36  Baneling x2  
  87  8:37  Drone  
  88  8:42  Zerg Flyer Weapons Level 1  
  88  8:44  Hatchery  
  87  8:55  Zergling x18  
  92  9:01  Drone x2  
  98  9:05  Baneling  
  98  9:06  Baneling x8  
  98  9:07  Zergling x2  
  98  9:08  Zergling x2  
  97  9:20  Zergling x8  
  91  9:37  Drone x9  
  89  9:48  Zergling x6  
  90  9:58  Baneling  
  90  9:59  Baneling x18  
  89  10:00  Mutalisk  
  89  10:01  Mutalisk x8  
  107  10:07  Queen  
  107  10:11  Extractor  
  108  10:20  Infestation Pit  
  107  10:27  Mutalisk x6  
  119  10:31  Zergling x18  
  128  10:38  Queen  
  115  10:51  Zergling x2  
  115  10:52  Zergling x20  
  126  11:01  Overlord x4  
  126  11:02  Overlord x2  
  126  11:07  Baneling x14  
  126  11:08  Baneling x2  
  126  11:16  Drone  
  127  11:20  Hive  
  121  11:41  Zergling x2  
  121  11:42  Zergling x34  
  130  11:55  Mutalisk  
  130  11:56  Mutalisk x5  
  140  12:07  Overseer  
  140  12:09  Pneumatized Carapace  
  140  12:23  Hatchery  
  140  12:25  Hatchery  
  138  12:31  Zergling x2  
  138  12:32  Zergling x34  
  138  12:36  Baneling  
  156  12:37  Baneling x15  
Show
View Real Time Build Order
Export as new Build Order

Mez Terran - Winner!

Build Orders: Reaper Expand 

Get SALT Encoding   

  12  0:00  SCV  
  13  0:12  SCV  
  14  0:17  Supply Depot  
  14  0:25  SCV  
  15  0:38  SCV  
  15  0:40  Barracks  
  16  0:44  Refinery  
  16  0:50  SCV  
  17  1:02  SCV  
  18  1:14  SCV  
  19  1:28  Reaper, Orbital Command  
  20  1:40  Command Center  
  20  1:50  Barracks  
  20  1:54  SCV  
  21  2:00  Barracks Reactor  
  21  2:06  SCV  
  22  2:10  Barracks  
  22  2:18  Supply Depot  
  22  2:19  SCV  
  23  2:39  SCV  
  24  2:47  Marine x2  
  24  2:48  Barracks Tech Lab  
  26  2:52  SCV  
  26  2:53  Orbital Command  
  27  3:04  Barracks Reactor  
  27  3:07  Combat Shield  
  27  3:08  Marine x3  
  27  3:12  SCV  
  31  3:20  SCV  
  31  3:22  Engineering Bay  
  31  3:24  SCV  
  31  3:27  Marine x3  
  33  3:28  Supply Depot  
  33  3:32  SCV  
  37  3:36  SCV  
  38  3:42  Marine x2  
  38  3:44  SCV  
  41  3:48  SCV, Marine x3  
  41  3:50  Terran Infantry Weapons Level 1  
  41  3:52  Supply Depot  
  45  3:58  SCV  
  45  4:00  SCV  
  47  4:03  Marine x2  
  47  4:06  Marine x3  
  52  4:14  SCV x2  
  52  4:16  Supply Depot  
  54  4:29  Stimpack  
  54  4:30  Command Center  
  54  4:34  Marine x5  
  54  4:35  SCV x2  
  61  4:42  Factory  
  61  4:43  Refinery  
  61  4:48  Refinery, Supply Depot  
  61  4:54  SCV x2  
  61  4:55  Marine  
  61  4:56  Marine x4  
  68  5:06  SCV x2  
  69  5:18  SCV x2  
  62  5:36  Marine x3  
  62  5:37  Marine x2  
  62  5:40  Factory Reactor  
  62  5:42  Barracks x2  
  67  5:45  Starport  
  67  5:52  SCV  
  67  5:53  SCV, Orbital Command  
  67  5:54  Marine x4  
  67  5:56  Terran Infantry Armor Level 1  
  64  6:04  Marine  
  64  6:09  SCV x2  
  67  6:11  Supply Depot  
  67  6:12  Marine, Supply Depot  
  67  6:13  Marine x3  
  71  6:22  Marine  
  72  6:30  Marine x2  
  72  6:32  Barracks Reactor x2  
  74  6:35  Medivac  
  74  6:36  Medivac  
  74  6:39  Marine x2  
  80  6:40  Marine, Supply Depot  
  80  6:41  Supply Depot  
  80  6:43  Concussive Shells, Factory Reactor  
  80  6:44  SCV x2  
  83  6:47  Marine, Orbital Command  
  84  7:01  Marine  
  84  7:02  Marine x2  
  84  7:04  Marine  
  84  7:05  Marine  
  89  7:11  Command Center  
  89  7:13  SCV x3  
  92  7:25  SCV x2  
  92  7:27  Marine x9  
  103  7:31  Supply Depot  
  103  7:32  Medivac x2  
  103  7:35  Barracks x3  
  107  7:39  Supply Depot  
  107  7:41  Supply Depot  
  90  7:44  Marine  
  82  7:55  Marine  
  82  7:56  Marine x7  
  87  8:01  Medivac  
  87  8:02  Marine, Medivac  
  91  8:13  Marine x4  
  91  8:14  Marine x4  
  95  8:20  Marine  
  95  8:22  SCV x3  
  99  8:28  Supply Depot  
  99  8:31  Marine x3  
  99  8:32  Marine  
  99  8:33  Barracks Tech Lab x2  
  104  8:34  SCV x3, Barracks Tech Lab  
  104  8:37  Barracks Reactor  
  104  8:39  Armory, Marine  
  104  8:40  Marine x4  
  111  8:41  Engineering Bay  
  111  8:46  SCV x3  
  114  8:49  Marine x2  
  114  8:55  Marine, Command Center, Marauder x2  
  120  8:56  Marine  
  120  8:57  Marine  
  120  8:58  SCV  
  120  9:00  Planetary Fortress  
  124  9:06  Marine x4  
  124  9:07  Marine x2  
  123  9:21  Marine x7  
  123  9:23  Marine  
  123  9:24  Marine  
  110  9:26  SCV x2  
  110  9:27  SCV  
  112  9:31  Terran Infantry Armor Level 2, Terran Infantry Weapons Level 2  
  112  9:38  SCV x2  
  112  9:39  SCV  
  105  9:53  Marine x8, Marauder x3  
  105  9:56  Medivac x2  
  123  10:06  Marine  
  123  10:07  Marine  
  124  10:11  Command Center  
  125  10:14  Marauder  
  125  10:15  SCV x4  
  131  10:21  Marine, Marauder  
  131  10:22  Marine x7, Marauder  
  131  10:24  Marine  
  131  10:27  SCV x2  
  128  10:51  Missile Turret  
  128  10:53  Marine  
  128  10:54  Missile Turret, Marauder x2  
  128  10:55  Marine x5  
  128  10:56  Marine x4, Marauder  
  144  11:01  Barracks  
  144  11:03  Barracks  
  142  11:04  Barracks  
  142  11:06  Planetary Fortress, Barracks  
  142  11:11  Marine  
  142  11:13  Missile Turret, Marine  
  142  11:15  Marauder x2  
  142  11:17  Marauder  
  150  11:20  Marine x8  
  150  11:22  Medivac x2  
  150  11:24  Missile Turret, Orbital Command  
  162  11:29  Marine  
  162  11:31  Marine  
  163  11:36  Marauder x2  
  163  11:38  Marine x4  
  163  11:39  Marauder  
  161  11:47  Marine x5  
  161  11:48  Marine  
  161  11:52  Medivac x2  
  169  11:55  Marine  
  169  11:56  Marine x2  
  169  11:59  Missile Turret  
  169  12:00  Missile Turret  
  172  12:02  Barracks Reactor x3  
  172  12:04  Missile Turret  
  172  12:05  Barracks Tech Lab  
  172  12:08  SCV x3  
  175  12:10  SCV x2  
  175  12:12  SCV  
  177  12:36  Marine  
  178  12:40  Supply Depot  
Tags
 
Add a new tag
Caveats
  • Supply blocks, unpowered buildings, or Contaminate may cause inaccurate times.
  • Supply counts are checked every 10 seconds.